 Dungeon Crawl Stone Soup version 0.20-a0-208-g55166f7 (webtiles) character file.

35 UristPineapples the Skirmisher (level 3, 0/28 HPs)
             Began as a Demonspawn Skald on Nov 25, 2016.
             Slain by a leopard gecko (4 damage)
             ... on level 2 of the Dungeon.
             The game lasted 00:04:24 (1261 turns).

UristPineapples the Skirmisher (Demonspawn Skald)   Turns: 1261, Time: 00:04:25

Health: 0/28       AC:  3    Str: 13    XL:     3   Next: 16%
Magic:  6/6        EV: 11    Int: 13    God:
Gold:   25         SH:  0    Dex: 14    Spells: 3/6 levels left

rFire  . . .     SeeInvis .     a - +0 hand axe
rCold  . . .     Gourm    .     b - +0 leather armour
rNeg   . . .     Faith    .     (no shield)
rPois  .         Spirit   .     (helmet restricted)
rElec  .         Reflect  .     (no cloak)
rCorr  .         Harm     .     (no gloves)
MR     .....                    (no boots)
Stlth  ++........               (no amulet)
                                (no ring)
                                (no ring)

@: drained
A: horns 1, thin skeletal structure 1
a: no special abilities


You were on level 2 of the Dungeon.
You were not hungry.

You visited 1 branch of the dungeon, and saw 2 of its levels.

You collected 25 gold pieces.

Inventory:

Hand Weapons
 a - a +0 hand axe (weapon)
Armour
 b - a +0 leather armour (worn)
Scrolls
 e - 2 scrolls of identify {unknown}
 g - a scroll of teleportation {unknown}
 i - a scroll of blinking {unknown}
 j - a scroll of noise {unknown}
 m - 2 scrolls of enchant armour {unknown}
 o - a scroll of fear {unknown}
 q - a scroll of enchant weapon {unknown}
Potions
 f - 2 potions of heal wounds {unknown}
 h - a potion of degeneration {unknown}
 l - a potion of flight {unknown}
 n - a potion of agility
 p - 2 potions of haste {unknown}
 s - a potion of magic {unknown}
Books
 c - a book of Battle

   Spells                             Type                      Level
   a - Infusion                       Charms                       1
   b - Shroud of Golubria             Charms/Translocation         2
   c - Song of Slaying                Charms                       2
   d - Spectral Weapon                Hexes/Charms                 3
   e - Regeneration                   Charms/Necromancy            3
Comestibles
 d - 2 bread rations
 k - 5 chunks of flesh
 r - a royal jelly


   Skills:
 + Level 2.8(2.7) Fighting
 - Level 2.6(2.5) Axes
 + Level 1.0(0.8) Armour
 - Level 0.8(0.7) Dodging
 - Level 2.0(1.8) Spellcasting
 - Level 2.6(2.5) Charms


You had 3 spell levels left.
You knew the following spells:

 Your Spells              Type           Power        Failure   Level  Hunger
a - Infusion              Chrm           #...         12%         1    ##.....
b - Song of Slaying       Chrm           #.......     17%         2    ###....


Dungeon Overview and Level Annotations

Branches:
Dungeon (2/15)

Altars:


Innate Abilities, Weirdness & Mutations

You have a pair of small horns on your head.
You have a somewhat thin skeletal structure. (Dex +2, Stealth)


Message History

A leopard gecko and a goblin come into view.
Things that are here:
a short sword; a kobold corpse The leopard gecko hisses angrily.
You closely miss the leopard gecko. The leopard gecko bites you.
You hit the leopard gecko but do no damage.
The leopard gecko bites you.
The leopard gecko bites you but does no damage.
You miss the leopard gecko. Your headbutt misses the leopard gecko.
The leopard gecko bites you.
You completely miss the leopard gecko. The leopard gecko bites you.
You hit the leopard gecko but do no damage.
The leopard gecko bites you. x2
Your leather armour prevents you from hitting the leopard gecko.
The leopard gecko bites you.
You closely miss the leopard gecko. The leopard gecko bites you.
* * * LOW HITPOINT WARNING * * *
The leopard gecko bites you but does no damage.
The leopard gecko bites you.
You die...

#.......##.## ##.##.#
###.........## ##.#.#
#.........##.# ##.##.#
####.#.......###.###...#.#
....#............#.# #.[.
g#####..#..............# #...
.......$#...#.#..<.....###...
.......).....................
.......##...@##..............
..####.
#.#l..#...........รท.. ..
#....>........<...... ##.
#.##.#############.##
#.......# #.# #...%...# #.#
...##.##.# #.# ###. #....#
..# # ### .# ###


You could see a leopard gecko.

Vanquished Creatures
  An ooze (D:2)
  A dart slug (D:1)
  2 giant cockroaches (D:1)
  3 goblins (D:1)
  4 hobgoblins
  3 jackals (D:1)
  3 kobolds
  A quokka (D:2)
  A ball python (D:1)
  2 bats
  4 rats
25 creatures vanquished.

Notes
Turn   | Place    | Note
-------+----------+-------------------------------------------
     0 | D:1      | UristPineapples the Demonspawn Skald began the quest for the Orb.
     0 | D:1      | Reached XP level 1. HP: 16/16 MP: 3/3
   238 | D:1      | Gained mutation: You have a pair of small horns on your head. [demonic ancestry]
   238 | D:1      | Reached XP level 2. HP: 10/23 MP: 0/5
   618 | D:1      | Learned a level 2 spell: Song of Slaying
  1129 | D:2      | Gained mutation: You have a somewhat thin skeletal structure. (Dex +2, Stealth) [demonic ancestry]
  1129 | D:2      | Reached XP level 3. HP: 20/28 MP: 6/6
  1225 | D:2      | Reached skill level 1 in Armour
  1261 | D:2      | Slain by a leopard gecko

Vault maps used:
D:1:      dpeg_arrival_short_road, roderic_lattice_a
D:2:      first_bread, uniq_robin

Skill      XL: |  1  2  3 |
---------------+----------+-----
Axes           | 2 |  2.6
Armour         | 1 |  1.0
Fighting       | |  2.8
Dodging        | |  0.8
Spellcasting   | |  2.0
Charms         | |  2.6

Action                   || total
-------------------------++-------
Melee: Hand axe          ||    91
       Headbutt          ||    10
 Cast: Infusion          ||     2
  Use: Potion            ||     1
  Eat: Chunk             ||     1
Armor: Leather armour    ||    21
Dodge: Dodged            ||    62
